 Dungeon Crawl Stone Soup version 0.30-a0-782-ge64f9170bb (webtiles) character file.

Game seed: 12815949014349921131

3071 Barriton the Arsonist (level 9, -7/69 HPs)
             Began as a Grey Draconian Fire Elementalist on Mar 10, 2023.
             Mangled by an orc warrior
             ... wielding a +1 battleaxe of electrocution
              (16 damage)
             ... on level 7 of the Dungeon.
             The game lasted 00:14:07 (8582 turns).

Barriton the Arsonist (DrFE)                        Turns: 8582, Time: 00:14:07

Health: -7/69      AC: 15    Str: 12    XL:     9   Next: 58%
Magic:  18/29      EV: 17    Int: 20    God:
Gold:   334        SH:  0    Dex: 13    Spells: 16/22 levels left

rFire   x . .      SeeInvis .    B - +9 rapier of the Boiling Point {heavy, Int+3}
rCold   . . .      Faith    .    (no shield)
rNeg    . . .      Spirit   .    (body armour unavailable)
rPois   .          Reflect  .    (helmet restricted)
rElec   .          Harm     .    p - +2 cloak
rCorr   .          Rampage  .    (no gloves)
Will    .....                    (no boots)
Stlth   ++                       y - amulet of magic regeneration
HPRegen 0.31/turn                i - ring of magical power
MPRegen 0.61/turn                g - +5 ring of evasion

@: no status effects
A: AC +12, amphibious, unfitting armour, cold-blooded, robust 1, heat
vulnerability 1
a: no special abilities


You were on level 7 of the Dungeon.
You visited 2 branches of the dungeon, and saw 8 of its levels.
You also visited: Sewer.

You collected 334 gold pieces.

Inventory:

Hand Weapons
 B - the +9 rapier of the Boiling Point (weapon) {heavy, Int+3}
   (You found it on level 6 of the Dungeon)

   Int:       It affects your intelligence (+3).
Armour
 p - a +2 cloak (worn)
Jewellery
 g - a +5 ring of evasion (right hand)
 i - a ring of magical power (left hand)
 t - a +6 ring of dexterity
 y - an amulet of magic regeneration (around neck)
Wands
 k - a wand of mindburst (8)
 s - a wand of quicksilver (10)
Scrolls
 d - a scroll of identify
 l - a scroll of summoning
 n - a scroll of magic mapping
 q - a scroll of vulnerability
 r - a scroll of teleportation
 v - a scroll of fog
 A - a scroll of enchant weapon
Potions
 a - 2 potions of magic
 b - 3 potions of invisibility
 c - 4 potions of curing
 e - a potion of resistance
 f - 2 potions of attraction
 h - a potion of haste
 j - a potion of degeneration
 m - 3 potions of might
 o - 3 potions of heal wounds
 u - a potion of cancellation
 x - a potion of brilliance
 z - 2 potions of berserk rage


   Skills:
 + Level 0.4 Fighting
 - Level 1.9 Dodging
 - Level 2.0 Stealth
 + Level 0.1 Unarmed Combat
 + Level 7.3 Spellcasting
 + Level 3.9 Conjurations
 + Level 0.3 Hexes
 * Level 10.6 Fire Magic


You had 16 spell levels left.
You knew the following spells:

 Your Spells              Type           Power      Damage    Failure   Level
a - Foxfire               Conj/Fire      100%       2x1d9     1%          1
b - Scorch                Fire           98%        2d10      1%          2
c - Inner Flame           Hex/Fire       29%        N/A       3%          3

Your spell library contained the following spells:

 Spells                   Type           Power      Damage    Failure   Level
 Flame Wave               Conj/Fire      36%        2d10      4%          4
 Kindle Blastsparks       Fire/Tloc/Air  42%        2d13      6%          3
 Cigotuvi's Dreadful Rot  Necr/Pois/Air  14%        N/A       14%         2
 Poisonous Vapours        Pois/Air       14%        N/A       14%         2
 Mephitic Cloud           Conj/Pois/Air  12%        N/A       16%         3
 Vhi's Electric Charge    Tloc/Air       14%        N/A       26%         3
 Dispel Undead            Necr           7%         3d8       65%         4
 Arcjolt                  Conj/Air       7%         1d17      75%         5
 Death Channel            Necr           3%         N/A       100%        6
 Maxwell's Capacitive Co  Air            3%         ∞         100%        8


Dungeon Overview and Level Annotations

Branches:
Dungeon (7/15)             Temple (1/1) D:4           Sewer (visited)

Altars:
Cheibriados
Dithmenos
Fedhas
Gozag
Hepliaklqana
Kikubaaqudgha
Makhleb
Nemelex Xobeh
Okawaru
Qazlal
Trog
Uskayaw
Wu Jian
Xom
Yredelemnul
Zin
The Shining One

Shops:
D:5 (   D:6 (

Annotations:
D:6 1 transporter, Rueben's ghost, novice GnNe


Innate Abilities, Weirdness & Mutations

Your dull iron-grey scales are very hard. (AC +12)
You are amphibious.
You cannot fit into any form of body armour.
You are cold-blooded and may be slowed by cold attacks.
You are robust. (+10% HP)
You are vulnerable to heat. (rF-)


Message History

Confirm with . or Enter, or press ? or * to list all spells.
Flames lash the orc warrior but do no damage.
The orc warrior closely misses you. The orc misses you.
Something barely misses you.
Casting: Scorch (safe; 1% risk of failure)
Confirm with . or Enter, or press ? or * to list all spells.
Flames lash something.
The orc warrior closely misses you. The orc barely misses you.
You hear some strange, mumbled words.
A puff of flame appears from out of thin air!
The puff of flame hits you but does no damage.
Casting: Scorch (safe; 1% risk of failure)
Confirm with . or Enter, or press ? or * to list all spells.
Flames lash the orc.
You kill the orc!
The orc warrior hits you but does no damage.
Something closely misses you.
Casting: Scorch (safe; 1% risk of failure)
Confirm with . or Enter, or press ? or * to list all spells.
Flames lash something.
Reactivating autopickup.
You feel a bit more experienced. The orc warrior barely misses you.
Casting: Scorch (safe; 1% risk of failure)
Confirm with . or Enter, or press ? or * to list all spells.
Flames lash the orc warrior.
The orc warrior is heavily wounded.
The orc warrior's fire resistance burns away.
The orc warrior hits you with a +1 battleaxe of electrocution.
Casting: Scorch (safe; 1% risk of failure)
Confirm with . or Enter, or press ? or * to list all spells.
Flames lash the orc warrior.
The orc warrior is burned terribly!
The orc warrior is severely wounded.
The orc warrior hits you but does no damage.
Casting: Scorch (safe; 1% risk of failure)
Confirm with . or Enter, or press ? or * to list all spells.
Flames lash the orc warrior but do no damage.
The orc warrior hits you with a +1 battleaxe of electrocution!
* * * LOW HITPOINT WARNING * * *
You are electrocuted!
You die...

######### #####
##.....).#......
#..)@....#......
##.o)))..'......
#######.......#[.....
...........)..# .....
...........)..# ....
.........<....# ...
+######.......# o.
######### .


You could see an orc warrior (combustible).

Vanquished Creatures
  A hornet (D:5)
  Grinder (D:3)
  Duvessa (D:6)
  Edmund (D:6)
  A water moccasin (D:6)
  A black bear (D:5)
  An ice beast (D:5)
  A sky beast (D:6)
  2 ogres (D:5)
  12 kobold brigands (Sewer)
  2 necrophages
  3 scorpions (D:4)
  Dowan (D:6)
  A howler monkey (D:5)
  5 hounds
  A gnoll bouda (D:4)
  2 iguanas
  Ijyb (D:3)
  Terence (D:3)
  5 orc wizards
  7 gnolls
  8 adders
  A white imp (D:5)
  2 ufetubi
  2 worms
  2 dart slugs
  26 orcs
  10 ball pythons
  7 endoplasms
  3 giant cockroaches
  10 goblins
  8 hobgoblins
  4 bats
  2 frilled lizards
  19 kobolds
  13 rats
  A spectral hobgoblin (D:1)
169 creatures vanquished.

Vanquished Creatures (others)
  467 foxfires
467 creatures vanquished.

Grand Total: 636 creatures vanquished

Notes
Turn   | Place    | Note
-------+----------+-------------------------------------------
     0 | D:1      | Barriton the Draconian Fire Elementalist began the quest
                  | for the Orb.
     0 | D:1      | Reached XP level 1. HP: 14/14 MP: 3/3
   120 | D:1      | Reached XP level 2. HP: 20/20 MP: 1/5
   374 | D:1      | Found a faded altar of an unknown god.
  1221 | D:2      | Reached XP level 3. HP: 26/26 MP: 6/6
  1451 | D:2      | Learned a level 2 spell: Scorch
  1931 | D:3      | Noticed Grinder
  1940 | D:3      | Killed Grinder
  1941 | D:3      | Reached skill level 4 in Fire Magic
  1941 | D:3      | Reached XP level 4. HP: 33/33 MP: 4/9
  1941 | D:3      | Reached XP level 5. HP: 38/38 MP: 4/10
  2063 | D:3      | Noticed Terence
  2071 | D:3      | Killed Terence
  2072 | D:3      | Reached XP level 6. HP: 38/45 MP: 8/11
  2263 | D:3      | Noticed Ijyb
  2269 | D:3      | Killed Ijyb
  2270 | D:3      | Reached skill level 5 in Fire Magic
  3421 | D:4      | Found a glowing drain.
  3436 | Sewer    | Entered a sewer
  3818 | Sewer    | Reached skill level 6 in Fire Magic
  3818 | Sewer    | Your scales start taking on a dull iron-grey colour.
  3818 | Sewer    | Reached XP level 7. HP: 17/50 MP: 13/13
  4162 | Sewer    | Reached skill level 5 in Spellcasting
  4257 | Sewer    | Reached skill level 7 in Fire Magic
  4501 | Sewer    | Reached XP level 8. HP: 57/57 MP: 15/16
  4686 | D:4      | Reached skill level 8 in Fire Magic
  5462 | D:4      | Found a staircase to the Ecumenical Temple.
  5492 | Temple   | Entered the Ecumenical Temple
  6095 | D:5      | Entered Level 5 of the Dungeon
  6095 | D:5      | Found Qiak's Weapon Shop.
  6217 | D:5      | Reached skill level 9 in Fire Magic
  6586 | D:5      | Reached XP level 9. HP: 63/63 MP: 18/18
  7221 | D:5      | Learned a level 3 spell: Inner Flame
  7284 | D:6      | Reached skill level 10 in Fire Magic
  7953 | D:6      | Identified the +9 rapier of the Boiling Point {heavy,
                  | Int+3}
  7997 | D:6      | Noticed Edmund
  8004 | D:6      | Killed Edmund
  8009 | D:6      | Noticed Dowan
  8018 | D:6      | Killed Dowan
  8018 | D:6      | Noticed Duvessa
  8026 | D:6      | Killed Duvessa
  8218 | D:6      | Noticed Rueben's ghost (novice GnNe)
  8219 | D:6      | Found a transporter.
  8337 | D:6      | Found Ekipt's Weapon Emporium.
  8469 | D:6      | Gained mutation: You are vulnerable to heat. (rF-) [potion
                  | of mutation]
  8469 | D:6      | Gained mutation: You are robust. (+10% HP) [potion of
                  | mutation]
  8582 | D:7      | Mangled by an orc warrior

Illustrated notes

Levels and vault maps discovered:
D:1:      dpeg_arrival_oval, layout_rooms,
          dreamdust_ecumenical_altar_drowned_temple, minmay_heptomino_l4
D:2:      layout_basic, corexii_leaking_fountain
D:3:      layout_basic, uniq_terence, uniq_grinder, uniq_ijyb
D:4:      minmay_chambers_of_threes, layout_cave_pods,
          minmay_temple_entry_waves, cheibrodos_sewer_entry_drain
D:5:      layout_basic, serial_shops, nicolae_shop_statue_plus
D:6:      layout_basic, serial_shops, kennysheep_mini_moat,
          gammafunk_ghost_smash, uniq_edmund, uniq_duvessa
D:7:      layout_gridville, roderic_roman_lattice, uniq_maggie
Temple:   bh_familiar_temple

Skill      XL: |  1  2  3  4  5  6  7  8  9 |
---------------+----------------------------+-----
Stealth        | 2 |  2.0
Spellcasting   | 3 4 5 6 7 |  7.3
Conjurations   | 2 3 |  3.9
Fire Magic     | 4 6 7 9 10 | 10.6
Fighting       | |  0.4
Dodging        | |  1.9
Unarmed Combat | |  0.1
Hexes          | |  0.3

Action                     |  1- 3 |  4- 6 |  7- 9 || total
---------------------------+-------+-------+-------++-------
  Melee: Unarmed           |     5 |     3 |    48 ||    56
         Tailslap          |       |     1 |     7 ||     8
         Punch             |       |       |     1 ||     1
         Rapier            |       |       |    13 ||    13
   Cast: Foxfire           |   103 |    72 |   123 ||   298
         Scorch            |     5 |    34 |   120 ||   159
         Inner Flame       |       |       |     7 ||     7
    Use: Scroll            |     9 |     4 |    11 ||    24
         Potion            |       |       |     1 ||     1
 Armour: Skin              |     2 |     3 |    50 ||    55
  Dodge: Dodged            |    13 |    14 |   187 ||   214

Table legend: (Time is in decaauts)
 A = Elapsed time spent in this place.
 B = Non-inter-level travel time spent in this place.
 C = Inter-level travel time spent in this place.
 D = Time resting spent in this place.
 E = Time spent auto-exploring this place.
 F = Levels seen in this place.
 G = Mean time per level.
                   A        B        C        D        E       F      G
               +--------+--------+--------+--------+--------+-----+--------+
         Total |   8667 |   8325 |    342 |      0 |   7199 |   9 |  963.0 |
       Dungeon |   7165 |   6885 |    280 |      0 |   5945 |   7 | 1023.6 |
        Temple |    243 |    181 |     62 |      0 |    180 |   1 |  243.0 |
         Sewer |   1258 |   1258 |      0 |      0 |   1073 |   1 | 1258.0 |
               +--------+--------+--------+--------+--------+-----+--------+

Top non-repeatable levels by time:
     D:3: 1553 daAuts
     D:4: 1392 daAuts
     D:6: 1295 daAuts
   Sewer: 1258 daAuts
     D:1: 1105 daAuts
     D:5: 1033 daAuts
     D:2: 716 daAuts
  Temple: 243 daAuts
     D:7: 68 daAuts
